 Dungeon Crawl Stone Soup version 0.29-a0-321-gf1c400731a (webtiles) character file.

Game seed: 9913097632860138229

217 GigaChad the Bolt Thrower (level 5, -4/45 HPs)
             Began as a Minotaur Hunter on Apr 4, 2022.
             Slain by a two-headed ogre
             ... wielding a +0 giant club
              (5 damage)
             ... on level 4 of the Dungeon.
             The game lasted 00:10:11 (1500 turns).

GigaChad the Bolt Thrower (Minotaur Hunter)         Turns: 1500, Time: 00:10:14

Health: -4/45      AC:  5    Str: 15    XL:     5   Next: 61%
Magic:  4/4        EV: 17    Int:  6    God:
Gold:   142        SH:  5    Dex: 22    Spells: 4/4 levels left

rFire   . . .      SeeInvis .   j - +4 quarterstaff (chaos)
rCold   . . .      Faith    .   (shield currently unavailable)
rNeg    . . .      Spirit   .   e - +0 ring mail
rPois   .          Reflect  +   (helmet restricted)
rElec   .          Harm     .   (no cloak)
rCorr   .          Rampage  .   (no gloves)
Will    .....      Clarity  +   (no boots)
Stlth   ++........              x - amulet of reflection
HPRegen 0.15/turn               h - +4 ring of evasion
MPRegen 0.09/turn               k - +6 ring of dexterity

@: no status effects
A: horns 2, retaliatory headbutt, clarity, sturdy frame 1
a: no special abilities


You were on level 4 of the Dungeon.
You visited 1 branch of the dungeon, and saw 4 of its levels.

You collected 142 gold pieces.

Inventory:

Hand Weapons
 a - a +1 hand crossbow
 g - a +0 short sword
 j - a +4 quarterstaff of chaos (weapon)
 l - a +1 spear of venom
 o - a +0 hand axe
 q - a +1 vorpal flail
 w - a +0 war axe
Armour
 b - a +0 leather armour
 e - a +0 ring mail (worn)
 m - a +0 cloak
Jewellery
 h - a +4 ring of evasion (left hand)
 k - a +6 ring of dexterity (right hand)
 x - an amulet of reflection (around neck)
Wands
 s - a wand of iceblast (4)
Scrolls
 c - a scroll of immolation
 n - a scroll of blinking
 p - a scroll of torment {unknown}
 v - a scroll of vulnerability {unknown}
Potions
 d - 3 potions of curing
 f - a potion of haste {unknown}
 i - 3 potions of might
 r - a potion of attraction {unknown}
 t - a potion of ambrosia {unknown}
 u - a potion of resistance {unknown}
 z - 2 potions of magic {unknown}


   Skills:
 + Level 3.5 Fighting
 + Level 1.0 Short Blades
 + Level 0.6(1.2) Polearms
 + Level 1.6(1.7) Staves
 + Level 5.9 Crossbows
 + Level 2.2 Armour
 + Level 2.9 Dodging
 + Level 1.0 Stealth


You had 4 spell levels left.
You didn't know any spells.
Your spell library contained the following spells:

 Spells                   Type           Power      Damage    Failure   Level
 Animate Skeleton         Necr           0%         N/A       56%         1
 Apportation              Tloc           0%         N/A       56%         1
 Summon Small Mammal      Summ           0%         N/A       56%         1


Dungeon Overview and Level Annotations

Branches:
Dungeon (4/15)
 Temple: D:4-7

Altars:

Shops:
D:3 =


Innate Abilities, Weirdness & Mutations

You have a pair of horns on your head.
You reflexively headbutt those who attack you in melee.
You possess an exceptional clarity of mind.
Your movements are slightly less encumbered by armour. (ER -2)


Message History

The jackal attacks as you move away! The jackal closely misses you.
You block the jackal's attack.
You shoot a bolt. The bolt hits the jackal!
You kill the jackal!
You shoot a bolt. The bolt hits the two-headed ogre!
The two-headed ogre is lightly wounded.
You shoot a bolt. The bolt hits the two-headed ogre!
The two-headed ogre is moderately wounded.
You shoot a bolt.
The bolt hits the two-headed ogre but does no damage.
The two-headed ogre is moderately wounded.
The two-headed ogre barely misses you. The two-headed ogre closely misses you.
You shoot a bolt. The bolt hits the two-headed ogre.
The two-headed ogre is moderately wounded.
The two-headed ogre completely misses you.
You block the two-headed ogre's attack.
You shoot a bolt. The bolt hits the two-headed ogre.
The two-headed ogre is heavily wounded.
The two-headed ogre hits you with a +0 giant club.
The two-headed ogre barely misses you.
You shoot a bolt. The bolt hits the two-headed ogre.
The two-headed ogre is heavily wounded.
The two-headed ogre barely misses you. You block the two-headed ogre's attack.
You block the two-headed ogre's attack.
The two-headed ogre hits you with a +0 giant club!
You shoot a bolt. The bolt hits the two-headed ogre.
The two-headed ogre is heavily wounded.
You shoot a bolt. The bolt hits the two-headed ogre!
The two-headed ogre is severely wounded.
The two-headed ogre hits you with a +0 giant club!!
Ouch! That really hurt!
* * * LOW HITPOINT WARNING * * *
The two-headed ogre barely misses you.
You are too injured to fight recklessly!
Your +4 quarterstaff of chaos is briefly surrounded by a scintillating aura of random colours.
j - a +4 quarterstaff of chaos (weapon)
The two-headed ogre hits you with a +0 giant club!
* * * LOW HITPOINT WARNING * * *
The two-headed ogre hits you with a +0 giant club.
You die...

####### #.... ..... #...
... #... #.# ###...
##.#####....#
#......#....#
#††O@..#....#
#†###..#....#########
....##..###........(..
......#.....'...........
.......#.....#...........
.......##^.###...........
####....##+# ####'####'##
#.... #.........#..#
#.........#..#


You could see a two-headed ogre.

Vanquished Creatures
  A phantom (D:4)
  A jelly (D:2)
  Crazy Yiuf (D:2)
  An iguana (D:4)
  2 adders
  A worm (D:3)
  A dart slug (D:1)
  An orc (D:4)
  4 bats
  An endoplasm (D:3)
  3 giant cockroaches
  2 hobgoblins
  4 jackals (D:4)
  8 kobolds
  2 quokkas
  5 ball pythons
  2 frilled lizards
  2 goblins (D:1)
  A rat (D:3)
43 creatures vanquished.

Notes
Turn   | Place    | Note
-------+----------+-------------------------------------------
     0 | D:1      | GigaChad the Minotaur Hunter began the quest for the Orb.
     0 | D:1      | Reached XP level 1. HP: 18/18 MP: 0/0
   408 | D:1      | Reached XP level 2. HP: 10/25 MP: 1/1
   576 | D:2      | Found a runed translucent door.
   577 | D:2      | Noticed Crazy Yiuf
   585 | D:2      | Killed Crazy Yiuf
   586 | D:2      | Reached skill level 5 in Crossbows
   586 | D:2      | Reached XP level 3. HP: 12/31 MP: 2/2
   729 | D:2      | Reached XP level 4. HP: 29/38 MP: 3/3
   761 | D:2      | You fall into a shaft and drop 1 floor!
   777 | D:3      | Reached skill level 1 in Armour
   825 | D:3      | Reached skill level 1 in Short Blades
   970 | D:3      | Gained mutation: You possess an exceptional clarity of
                  | mind. [potion of mutation]
   970 | D:3      | Gained mutation: Your movements are slightly less
                  | encumbered by armour. (ER -2) [potion of mutation]
  1188 | D:3      | Found Ymoineuz's Jewellery Shop.
  1291 | D:4      | Noticed a phantom
  1304 | D:4      | Killed a phantom
  1305 | D:4      | Reached skill level 1 in Staves
  1305 | D:4      | Reached XP level 5. HP: 30/45 MP: 4/4
  1413 | D:4      | Reached skill level 1 in Stealth
  1484 | D:4      | Noticed a two-headed ogre
  1500 | D:4      | HP: 1/45 [two-headed ogre/+0 giant club (7)]
  1500 | D:4      | Slain by a two-headed ogre

Illustrated notes

Levels and vault maps discovered:
D:1:      minmay_arrival_radiant_lines, layout_basic
D:2:      layout_loops_ring, chequers_serial_rivers_micro_d,
          uniq_crazy_yiuf_cottage
D:3:      minmay_wonky_spiral, layout_basic, serial_glass, glass_columns_c,
          glass_columns_a, glass_columns_b, glass_columns_c, glass_columns_a,
          glass_columns_a, glass_columns_b, glass_columns_b, serial_shops,
          nicolae_shop_hallway_plus, chequers_ecumenical_altar_grove
D:4:      layout_gridville, hangedman_abyss_or_decor_stabs

Skill      XL: |  1  2  3  4  5 |
---------------+----------------+-----
Fighting       | 3 |  3.5
Crossbows      | 5 |  5.9
Armour         | 2 |  2.2
Short Blades   | 1 |  1.0
Staves         | 1 |  1.6
Stealth        | 1 |  1.0
Polearms       | |  0.6
Dodging        | |  2.9

Action                   |  1- 3 |  4- 6 || total
-------------------------+-------+-------++-------
Melee: Short sword       |     8 |       ||     8
       Spear             |    11 |       ||    11
       Headbutt          |     3 |     2 ||     5
       Quarterstaff      |     4 |    12 ||    16
 Fire: Hand crossbow     |    17 |    49 ||    66
  Use: Scroll            |     2 |     4 ||     6
       Potion            |       |     1 ||     1
 Stab: Confused          |       |     1 ||     1
Armor: Ring mail         |    12 |     6 ||    18
       Leather armour    |     1 |       ||     1
Dodge: Dodged            |    38 |    31 ||    69
Block: Other             |       |     5 ||     5

Table legend: (Time is in decaauts)
 A = Elapsed time spent in this place.
 B = Non-inter-level travel time spent in this place.
 C = Inter-level travel time spent in this place.
 D = Time resting spent in this place.
 E = Time spent auto-exploring this place.
 F = Levels seen in this place.
 G = Mean time per level.
                   A        B        C        D        E       F      G
               +--------+--------+--------+--------+--------+-----+--------+
         Total |   1520 |   1500 |     20 |    100 |    155 |   4 |  380.0 |
       Dungeon |   1520 |   1500 |     20 |    100 |    155 |   4 |  380.0 |
               +--------+--------+--------+--------+--------+-----+--------+

Top non-repeatable levels by time:
     D:1: 559 daAuts
     D:3: 461 daAuts
     D:4: 293 daAuts
     D:2: 206 daAuts
